AoeStats
← unicorn

Arabia

511003875Analyzed
1v1 RM · 4h ago on Oct 3, 2026· 58m 20s· 2 players
Game mode
Random Map
Map size
Tiny (2 player)
Population
200
Speed
Normal
Resources
Standard
Victory
Conquest
Starting age
Dark Age
Ending age
Imperial Age
RankedLock teamsTeams togetherTeam positionsShared explorationLock speedFull tech treeHidden civsTurbo modeCheats
Victory
Defeat
🇸🇮 Teutons · Slovenia
1356
+16
🇷🇺 Saxons · Russia
1359
-16
Valkyrie
6:59 Loom
7:02 Loom
9:42 Feudal Age
10:50 Double-Bit Axe
11:15 Horse Collar
15:09 Forging
17:26 Wheelbarrow
20:55 Castle Age
19:17 Scale Barding Armor
20:23 Fletching
20:30 Gold Mining
24:39 Chain Barding Armor
24:54 Iron Casting
26:39 Stone Mining
28:42 Bow Saw
29:54 Bodkin Arrow
29:39 Elite Skirmisher
31:34 Padded Archer Armor
33:15 Leather Archer Armor
35:55 Scale Mail Armor
37:20 Stone Shaft Mining
37:23 Heavy Plow
38:13 Town Watch
38:45 Hand Cart
38:20 Town Watch
40:20 Town Patrol
43:02 Imperial Age
40:54 Ballistics
41:59 Fortified Wall
42:30 Chain Mail Armor
43:09 Bloodlines
44:53 Two-Man Saw
45:47 Chemistry
45:59 Crop Rotation
46:02 Plate Mail Armor
46:34 Blast Furnace
45:28 Cavalier
45:42 Capped Ram
51:00 Siege Engineers
51:08 Masonry
51:24 Squires
51:14 Arson
53:06 Ring Archer Armor
53:13 Plate Barding Armor
55:04 Conscription
unicorn
8:24 Loom
13:08 Feudal Age
14:13 Double-Bit Axe
15:35 Horse Collar
17:23 Fletching
20:42 Castle Age
18:56 Fletching
20:37 Gold Mining
20:43 Crossbowman
21:27 Bodkin Arrow
23:55 Husbandry
27:14 Ballistics
32:19 Wheelbarrow
33:02 Heavy Plow
38:59 Imperial Age
37:18 Scale Mail Armor
38:00 Squires
37:46 Arson
38:31 Forging
38:17 Gambesons
40:03 Chain Mail Armor
40:05 Elite Varangian Guard
41:44 Plate Mail Armor
41:50 Iron Casting
41:12 Shield Wall
43:42 Cranequins
44:31 Bracer
44:10 Cranequins
45:38 Conscription
49:04 Chemistry
49:00 Heavy Mounted Crossbowman
54:01 Thumb Ring
54:25 Scale Barding Armor
54:40 Light Cavalry
55:30 Bloodlines
56:57 Chain Barding Armor
Connection lost

Rejoining the realm…

Still unreachable

The connection could not be restored.

Session expired

The server has moved on; the page needs a fresh start.